 Dungeon Crawl Stone Soup version 0.26-a0-812-g31a745ddcd (webtiles) character file.

Game seed: 16154093910857341282

23161 inmateoo the Tainter (level 12, -5/62 HPs)
             Began as a Spriggan Venom Mage on Nov 18, 2020.
             Was a High Priest of Makhleb.
             Slain by a cane toad (24 damage)
             ... on level 4 of the Lair of Beasts.
             The game lasted 00:33:36 (16239 turns).

inmateoo the Tainter (Spriggan Venom Mage)         Turns: 16239, Time: 00:33:37

Health: -5/62      AC:  3    Str:  4    XL:     12   Next: 69%
Magic:  27/27      EV: 28    Int: 22    God:    Makhleb [*****.]
Gold:   1057       SH:  0    Dex: 22    Spells: 18/31 levels left

rFire    . . .     SeeInvis +   g - +6 hunting sling "Athonose" {flame, rN+}
rCold    . . .     Faith    .   (shield restricted)
rNeg     + . .     Spirit   .   a - +1 robe
rPois    .         Reflect  .   (helmet restricted)
rElec    .         Harm     .   (no cloak)
rCorr    .         Rampage  .   (gloves unavailable)
MR       ++...                  (boots unavailable)
Stlth    +++++.....             D - amulet of magic regeneration
HPRegen  0.20/turn              O - ring of wizardry
MPRegen  0.45/turn              v - +6 ring of dexterity

@: lethally poisoned (-5 -> -17), very quick
A: very small, unfitting armour, see invisible, speed 3
a: Minor Destruction, Lesser Servant of Makhleb, Major Destruction, Greater
Servant of Makhleb, Renounce Religion


You were on level 4 of the Lair of Beasts.
You worshipped Makhleb.
Makhleb was extremely pleased with you.
You visited 3 branches of the dungeon, and saw 16 of its levels.
You also visited: Ossuary and Ice Cave.

You collected 1057 gold pieces.

Inventory:

Hand Weapons
 c - a +3 hand axe of freezing
 g - the +6 hunting sling "Athonose" (weapon) {flame, rN+}
   (You found it on level 7 of the Dungeon)

   It causes projectiles fired from it to burn those they strike, causing extra
   injury to most foes and up to half again as much damage against particularly
   susceptible opponents.
   It protects you from negative energy.
 A - a +2 hand axe of venom
 B - a +2 falchion of holy wrath
Missiles
 h - 21 boomerangs
 t - 353 stones (quivered)
 u - 12 sling bullets
Armour
 a - a +1 robe (worn)
Jewellery
 d - an uncursed ring of stealth
 p - an uncursed ring of protection from fire
 v - a +6 ring of dexterity (right hand)
 D - an amulet of magic regeneration (around neck)
 H - the ring "Pyader Utaukk" {Ice Dex+3}
   (You found it on level 11 of the Dungeon)

   [ring of ice]

   It enhances your ice magic.
   It affects your dexterity (+3).
   It makes you vulnerable to fire.
   It protects you from cold.
 L - an uncursed ring of resist corrosion
 O - a ring of wizardry (left hand)
Wands
 f - a wand of enslavement (9)
 x - a wand of polymorph (13)
 F - a wand of acid (13)
 I - a wand of paralysis (8)
Scrolls
 b - 9 scrolls of remove curse
 l - a scroll of blinking
 o - a scroll of magic mapping
 s - 4 scrolls of enchant weapon
 w - 3 scrolls of amnesia
 y - 7 scrolls of teleportation
 C - 2 scrolls of enchant armour
 J - a scroll of fog
 K - a scroll of identify
Potions
 e - 9 potions of curing
 i - 4 potions of magic
 j - 2 potions of attraction
 k - 3 potions of mutation
 m - 3 potions of resistance
 n - 9 potions of heal wounds
 q - a potion of might
 r - 5 potions of brilliance
 z - 2 potions of haste
 E - a potion of berserk rage
 G - 3 potions of flight
Miscellaneous
 M - a phantom mirror (inert)


   Skills:
 + Level 6.9 Fighting
 - Level 6.5(7.0) Slings
 - Level 2.9(4.5) Throwing
 - Level 10.0 Dodging
 - Level 10.0 Stealth
 - Level 10.0 Spellcasting
 - Level 2.0 Conjurations
 - Level 4.0 Transmutations
 - Level 5.0 Fire Magic
 - Level 3.0 Air Magic
 + Level 10.3 Poison Magic
 - Level 7.0 Invocations


You had 18 spell levels left.
You knew the following spells:

 Your Spells              Type           Power        Failure   Level
a - Sting                 Tmut/Pois      ####         1%          1
b - Poisonous Vapours     Pois/Air       #####.       1%          2
c - Ignite Poison         Fire/Tmut/Pois #####...     1%          3
d - Mephitic Cloud        Conj/Pois/Air  ####....     1%          3
e - Olgreb's Toxic Radia  Pois           ######..     1%          4

Your spell library contained the following spells:

 Spells                   Type           Power        Failure   Level
 Confusing Touch          Hex            ##......     8%          3
 Gell's Gravitas          Tloc           ##........   8%          3
 Petrify                  Tmut/Erth      ###.....     11%         4
 Yara's Violent Unravell  Hex/Tmut       ###.......   28%         5
 Metabolic Englaciation   Hex/Ice        ##........   52%         5


Dungeon Overview and Level Annotations

Branches:
Dungeon (11/15)            Temple (1/1) D:4            Lair (4/6) D:9
Ossuary (visited)           IceCv (visited)
  Swamp: Lair:2-4    Shoals: Lair:2-4     Snake: Lair:2-4    Spider: Lair:2-4
    Orc: D:9-12

Altars:
Ashenzari
Cheibriados
Dithmenos
Elyvilon
Fedhas
Gozag
Hepliaklqana
Kikubaaqudgha
Makhleb
Nemelex Xobeh
Okawaru
Qazlal
Ru
Sif Muna
Trog
Uskayaw
Vehumet
Wu Jian
Xom
Yredelemnul
Zin
The Shining One

Shops:
D:5 :   D:6 [

Annotations:
D:8 1 runed translucent door


Innate Abilities, Weirdness & Mutations

You are very small and have problems with some larger weapons.
You are too small for most types of armour.
You have supernaturally acute eyesight. (SInv)
You cover ground extremely quickly.


Message History

The cane toad is severely wounded.
The cane toad closely misses you.
You shoot a stone. The stone barely misses the cane toad.
A nearby plant withers and dies.
The cane toad stings you!!
You are poisoned.
The cane toad poisons you!
You shoot a stone. The stone hits the cane toad.
The stone burns the cane toad.
The cane toad is severely wounded.
You feel sick. The cane toad completely misses you.
You shoot a stone. The stone hits the cane toad.
The stone burns the cane toad.
The cane toad is severely wounded.
You feel sick. The cane toad misses you.
You shoot a stone.
The stone hits the cane toad but does no damage.
The cane toad is severely wounded.
You feel sick. The cane toad stings you!!
You are too injured to fight recklessly!
You are too injured to fight recklessly!
You feel sick. The cane toad stings you!!
You die...

# .# .P## #
### .....
##.#.#P.....
#...@.......
#...F.......
#....(....#..
#...(.....#
#.........#
#P(.......#
#P(.......#
#(P..(....#


You could see a cane toad.

Vanquished Creatures
  A frost giant (IceCv)
  A hydra (Lair:2)
  Erica (D:11)
  2 two-headed ogres (D:11)
  A cyclops (D:9)
  3 ugly things
  An ice statue (IceCv)
  A black mamba (Lair:2)
  4 cane toads
  5 komodo dragons
  15 polar bears
  Prince Ribbit (D:9)
  7 blink frogs
  2 wyverns
  21 yaks
  Menkaure (Ossuary)
  A water moccasin (Lair:1)
  2 orc warriors
  4 black bears
  An ogre (D:10)
  20 wolves
  3 phantoms
  3 centaurs
  A big kobold (D:10)
  11 bullfrogs
  A wyvern skeleton (D:7)
  3 jellies
  6 scorpions
  15 wights
  A bullfrog zombie (D:9)
  5 centaur zombies
  5 hounds
  A human zombie (Ossuary)
  2 centaur skeletons
  5 orc priests
  8 orc wizards
  5 bullfrog skeletons
  4 iguanas
  8 worker ants
  2 ogre zombies (Ossuary)
  A big kobold zombie (Ossuary)
  A hound zombie (D:10)
  7 mummies
  A worker ant zombie (D:5)
  15 adders
  A white imp (D:8)
  2 ufetubi
  2 adder skeletons (D:8)
  8 adder zombies
  3 worms
  2 dart slugs
  5 leopard geckos
  21 orcs
  8 bats
  5 goblins
  10 hobgoblins
  12 jackals
  7 quokkas
  4 frilled lizards
  2 goblin zombies
  2 hobgoblin zombies (Ossuary)
  A jackal skeleton (D:5)
  14 kobolds
  6 kobold zombies
  5 quokka zombies (Ossuary)
  5 rats
  3 rat zombies (Ossuary)
337 creatures vanquished.

Vanquished Creatures (collateral kills)
  A hydra (Lair:3)
1 creature vanquished.

Vanquished Creatures (others)
  A fungus (Lair:2)
  3 plants
4 creatures vanquished.

Grand Total: 342 creatures vanquished

Notes
Turn   | Place    | Note
-------+----------+-------------------------------------------
     0 | D:1      | inmateoo the Spriggan Venom Mage began the quest for the
                  | Orb.
     0 | D:1      | Reached XP level 1. HP: 9/9 MP: 5/5
   189 | D:1      | Reached XP level 2. HP: 14/14 MP: 3/6
   494 | D:1      | Learned a level 2 spell: Poisonous Vapours
   785 | D:1      | Reached XP level 3. HP: 15/17 MP: 5/8
   918 | D:1      | Learned a level 3 spell: Ignite Poison
  1488 | D:2      | Reached XP level 4. HP: 18/21 MP: 4/10
  1556 | D:3      | Reached skill level 1 in Fighting
  2008 | D:2      | Learned a level 3 spell: Mephitic Cloud
  2083 | D:3      | Reached XP level 5. HP: 25/25 MP: 1/11
  3117 | D:3      | Reached skill level 1 in Throwing
  3117 | D:3      | Reached skill level 1 in Fire Magic
  3117 | D:3      | Reached XP level 6. HP: 30/30 MP: 13/13
  3602 | D:4      | Found a staircase to the Ecumenical Temple.
  3611 | Temple   | Entered the Ecumenical Temple
  3813 | Temple   | Became a worshipper of Makhleb the Destroyer
  4272 | D:5      | Entered Level 5 of the Dungeon
  4278 | D:5      | Learned a level 4 spell: Olgreb's Toxic Radiance
  4336 | D:5      | Found a radiant altar of Vehumet.
  4490 | D:5      | Found Vegaalo's Book Shop.
  5404 | D:6      | Found Liuvvoy's Antique Armour Emporium.
  5530 | D:6      | Reached skill level 5 in Stealth
  5610 | D:6      | Reached skill level 5 in Spellcasting
  5618 | D:6      | Noticed an orc warrior
  5634 | D:6      | Killed an orc warrior
  5634 | D:6      | Reached XP level 7. HP: 21/34 MP: 1/15
  5746 | D:6      | Found a sand-covered staircase.
  5777 | Ossuary  | Entered an ossuary
  5966 | Ossuary  | Reached * piety under Makhleb
  5985 | Ossuary  | Reached skill level 5 in Dodging
  6713 | Ossuary  | Noticed Menkaure
  6716 | Ossuary  | Killed Menkaure
  6716 | Ossuary  | Reached ** piety under Makhleb
  6718 | Ossuary  | Reached XP level 8. HP: 39/39 MP: 16/18
  7665 | D:7      | Got a brightly glowing hunting sling
  7666 | D:7      | Identified the +6 hunting sling "Athonose" {flame, rN+}
                  | (You found it on level 7 of the Dungeon)
  8400 | D:5      | Reached skill level 1 in Slings
  8562 | D:7      | Reached skill level 1 in Invocations
  8610 | D:7      | Reached skill level 5 in Poison Magic
  9200 | D:8      | Reached XP level 9. HP: 43/44 MP: 17/19
  9710 | D:8      | Found a runed translucent door.
  9710 | D:8      | Found a glowing silver altar of Zin.
  9710 | D:8      | Noticed an angel
  9951 | D:9      | Found a staircase to the Lair.
  9978 | D:9      | Reached skill level 5 in Slings
  9978 | D:9      | Reached skill level 1 in Air Magic
 10320 | D:9      | Reached skill level 1 in Conjurations
 10529 | D:9      | Reached *** piety under Makhleb
 10883 | D:9      | Found a hide-covered altar of Uskayaw.
 10883 | D:9      | Noticed Prince Ribbit
 10890 | D:9      | Killed Prince Ribbit
 10890 | D:9      | Reached XP level 10. HP: 49/49 MP: 13/21
 10924 | D:9      | Noticed a cyclops
 10929 | D:9      | Killed a cyclops
 10991 | D:9      | Found a glowing silver altar of Zin.
 10991 | D:9      | Found a glowing golden altar of the Shining One.
 10996 | D:9      | Found a faded altar of an unknown god.
 10998 | D:9      | Found a shimmering altar of Xom.
 11007 | D:9      | Found a hazy altar of Hepliaklqana.
 11073 | D:10     | Entered Level 10 of the Dungeon
 11129 | D:10     | Reached **** piety under Makhleb
 11662 | D:11     | Noticed Erica
 11662 | D:11     | Noticed a brown ugly thing
 11701 | D:10     | Killed a brown ugly thing
 11842 | D:11     | Noticed a two-headed ogre
 11859 | D:11     | Killed a two-headed ogre
 11859 | D:11     | Reached skill level 5 in Fire Magic
 12041 | D:11     | Noticed a two-headed ogre
 12228 | D:11     | Noticed a purple ugly thing
 12232 | D:11     | Killed a purple ugly thing
 12257 | D:11     | Got a brightly glowing platinum ring
 12268 | D:11     | Identified the ring "Pyader Utaukk" {Ice Dex+3} (You found
                  | it on level 11 of the Dungeon)
 12293 | D:11     | Noticed a skeletal warrior
 12293 | D:11     | Noticed a skeletal warrior
 12294 | D:11     | Noticed a skeletal warrior
 12301 | D:11     | Killed Erica
 12301 | D:11     | Reached XP level 11. HP: 53/53 MP: 13/25
 12406 | D:11     | Noticed a white ugly thing
 12412 | D:11     | Killed a white ugly thing
 12614 | D:11     | Killed a two-headed ogre
 12614 | D:11     | Reached skill level 10 in Spellcasting
 12673 | Lair:1   | Entered Level 1 of the Lair of Beasts
 12716 | Lair:1   | Found a frozen archway.
 12805 | IceCv    | Entered an ice cave
 12861 | IceCv    | Reached ***** piety under Makhleb
 13343 | IceCv    | Reached skill level 5 in Invocations
 13528 | IceCv    | Noticed a frost giant
 13532 | IceCv    | Reached skill level 5 in Fighting
 13541 | IceCv    | Killed a frost giant
 13541 | IceCv    | Reached skill level 10 in Stealth
 13541 | IceCv    | Reached XP level 12. HP: 60/60 MP: 0/27
 14410 | Lair:2   | Noticed a seven-headed hydra
 14419 | Lair:2   | Killed a seven-headed hydra
 14473 | Lair:2   | Found a radiant altar of Vehumet.
 14513 | Lair:2   | You fall into a shaft and drop 1 floor!
 15095 | Lair:3   | Reached skill level 10 in Dodging
 15164 | Lair:3   | Noticed a six-headed hydra
 15172 | Lair:3   | Killed a six-headed hydra
 15708 | Lair:3   | Reached skill level 10 in Poison Magic
 16239 | Lair:4   | Slain by a cane toad

Illustrated notes

Levels and vault maps discovered:
D:1:      dpeg_arrival_prison, layout_rooms, minmay_misc_feat_more_columns
D:2:      layout_rooms, hangedman_abyss_or_decor_stabs, grunt_decor_fettered
D:3:      layout_basic
D:4:      layout_cave_pools, minmay_temple_entry_glass, minmay_fountain_box
D:5:      layout_loops_corners, kennysheep_little_box, serial_shops,
          nicolae_shop_trees
D:6:      layout_basic, nicolae_ossuary_entry_giza, serial_shops,
          nicolae_shop_behind_doors
D:7:      layout_loops_ring
D:8:      layout_basic, lemuel_angel_altar
D:9:      layout_rooms, eat_drink_and_be_merry_uskayaw,
          chequers_temple_overflow_minitemple, lair_entry_dummy,
          uniq_prince_ribbit1
D:10:     layout_cave_pools
D:11:     layout_loops_corners, uniq_erica
Temple:   eino_temple_rhombus
Lair:1:   layout_hall_layers, portal_ice_cave_entry_pillars_1
Lair:2:   layout_loops_ring, basic_altar
Lair:3:   layout_cave_pods, beast_lair_carwin_4
Lair:4:   layout_cave_pods, palyth_hydra_swamp_entry, minmay_shoals_entry_hut,
          basic_altar, st_stairs_8

Skill      XL: |  1  2  3  4  5  6  7  8  9 10 11 12 |
---------------+-------------------------------------+-----
Spellcasting   | 3 4 5 6 9 10 | 10.0
Fighting       | 1 2 3 4 5 6 |  6.9
Transmutations | 2 3 4 |  4.0
Stealth        | 4 5 10 | 10.0
Dodging        | 4 5 7 9 10 | 10.0
Throwing       | 1 2 |  2.9
Fire Magic     | 1 2 3 4 5 |  5.0
Poison Magic   | 4 5 6 8 10 | 10.3
Slings         | 3 6 |  6.5
Invocations    | 2 3 4 5 7 |  7.0
Air Magic      | 2 3 |  3.0
Conjurations   | 1 2 |  2.0

Action                   |  1- 3 |  4- 6 |  7- 9 | 10-12 || total
-------------------------+-------+-------+-------+-------++-------
Melee: Spear             |     8 |       |       |       ||     8
       Hand axe          |    15 |    85 |    20 |       ||   120
       Dagger            |       |     2 |       |       ||     2
       Falchion          |       |       |   120 |     1 ||   121
 Fire: Hunting sling     |       |       |   279 |   301 ||   580
Throw: Boomerang         |       |    15 |    21 |       ||    36
 Cast: Sting             |    63 |    47 |       |     6 ||   116
       Poisonous Vapours |     8 |    18 |     7 |    42 ||    75
       Ignite Poison     |     1 |     4 |     4 |    50 ||    59
       Mephitic Cloud    |       |     3 |     3 |    11 ||    17
       Olgreb's Toxic Ra |       |       |     3 |    48 ||    51
Invok: Minor Destruction |       |       |     2 |     2 ||     4
Evoke: Wand              |       |     4 |    22 |       ||    26
       Phantom mirror    |       |       |       |     1 ||     1
  Use: Scroll            |     7 |     4 |    12 |     9 ||    32
 Stab: Sleeping          |     2 |     5 |    17 |     1 ||    25
       Distracted        |       |     1 |     1 |       ||     2
       Confused          |       |     1 |       |       ||     1
Armor: Robe              |     5 |    12 |     8 |     2 ||    27
Dodge: Dodged            |    48 |   127 |   190 |   145 ||   510
       Rpst.: Falchion   |       |       |    37 |       ||    37

Table legend: (Time is in decaauts)
 A = Elapsed time spent in this place.
 B = Non-inter-level travel time spent in this place.
 C = Inter-level travel time spent in this place.
 D = Time resting spent in this place.
 E = Time spent auto-exploring this place.
 F = Levels seen in this place.
 G = Mean time per level.
                   A        B        C        D        E       F      G
               +--------+--------+--------+--------+--------+-----+--------+
         Total |  12369 |  11723 |    646 |   4415 |   4512 |  18 |  687.2 |
       Dungeon |   8676 |   8111 |    565 |   2965 |   3317 |  11 |  788.7 |
        Temple |    148 |    135 |     13 |     53 |     77 |   1 |  148.0 |
          Lair |   1866 |   1799 |     67 |    521 |    956 |   4 |  466.5 |
       Ossuary |    906 |    906 |      0 |    532 |      6 |   1 |  906.0 |
      Ice Cave |    770 |    770 |      0 |    343 |    155 |   1 |  770.0 |
               +--------+--------+--------+--------+--------+-----+--------+

Top non-repeatable levels by time:
     D:3: 1126 daAuts
     D:2: 1058 daAuts
     D:6: 976 daAuts
     D:9: 945 daAuts
 Ossuary: 906 daAuts
  Lair:3: 880 daAuts
     D:1: 828 daAuts
   IceCv: 770 daAuts
     D:5: 750 daAuts
    D:11: 696 daAuts
     D:8: 624 daAuts
     D:7: 610 daAuts
     D:4: 568 daAuts
  Lair:1: 549 daAuts
    D:10: 490 daAuts
